 Dungeon Crawl Stone Soup version 0.31-a0-234-gad7ace16ef (webtiles) character file.

Game seed: 2131660400996347945

56 qw the Shooter (level 3, -3/21 HPs)
             Began as a Gargoyle Hexslinger on July 9, 2023.
             Slain by an iguana (9 damage)
             ... on level 3 of the Dungeon.
             The game lasted 00:00:33 (1444 turns).

qw the Shooter (Gargoyle Hexslinger)                Turns: 1444, Time: 00:00:34

Health: -3/21      AC: 10    Str: 11    XL:     3   Next: 95%
Magic:  4/4        EV: 10    Int: 13    God:
Gold:   120        SH:  0    Dex: 14    Spells: 3/4 levels left

rFire   . . .        Y - +1 sling
rCold   . . .        (no shield)
rNeg    + . .        e - +0 ring mail
rPois   inf          (no helmet)
rElec   +            (no cloak)
rCorr   .            d - +0 pair of gloves
SInv    .            f - +0 pair of boots
Will    .....        (no amulet)
Stlth   +            (no ring)
HPRegen 0.23/turn    (no ring)
MPRegen 0.09/turn

%: no passive effects
@: no status effects
A: sickness immunity, AC +3, negative energy resistance 1, electricity
resistance, torment resistance 1, petrification resistance
a: no special abilities


You were on level 3 of the Dungeon.
You visited 1 branch of the dungeon, and saw 3 of its levels.

You collected 120 gold pieces.


Innate Abilities, Weirdness & Mutations

You are immune to sickness and miasma.
Your stone body is resilient. (AC +3)
You are immune to poison.
You resist negative energy. (rN+)
You are resistant to electric shocks. (rElec)
You are resistant to unholy torment.
You are immune to petrification.


   Skills:
 - Level 2.0 Fighting
 + Level 3.5 Ranged Weapons
 - Level 1.0 Armour
 - Level 1.5 Dodging
 - Level 1.0 Spellcasting
 - Level 2.6 Hexes


You had 3 spell levels left.
You knew the following spells:

 Your Spells              Type           Power      Damage    Failure   Level
a - Slow                  Hex            28%        N/A       22%         1

Your spell library contained the following spells:

 Spells                   Type           Power      Damage    Failure   Level
 Inner Flame              Hex/Fire       4%         N/A       75%         3
 Portal Projectile        Hex/Tloc       8%         N/A       75%         3
 Cause Fear               Hex            3%         N/A       91%         4

Inventory:

Hand Weapons
 Y - a +1 sling (weapon)
Armour
 d - a +0 pair of gloves (worn)
 e - a +0 ring mail (worn)
 f - a +0 pair of boots (worn)
Scrolls
 a - a scroll of identify
 b - a scroll of fog {unknown}
Potions
 g - a potion of might
 i - 3 potions of curing

Dungeon Overview and Level Annotations

Branches:
Dungeon (3/15)

Altars:

Shops:
D:1 **(=


Message History

The slug dart hits you but does no damage.
You shoot a sling bullet. The sling bullet hits the dart slug.
The dart slug is heavily wounded.
You shoot a sling bullet. The sling bullet hits the dart slug.
The dart slug is almost dead.
The dart slug launches a dart at you. The slug dart hits you.
You shoot a sling bullet. The sling bullet hits the dart slug!
You kill the dart slug!
You start resting.
HP restored.
An iguana comes into view.
You shoot a sling bullet.
The sling bullet closely misses the iguana.
You shoot a sling bullet.
The sling bullet barely misses the iguana.
The iguana bites you but does no damage.
You shoot a sling bullet. The sling bullet hits the iguana.
The iguana is lightly wounded.
The iguana bites you but does no damage.
You shoot a sling bullet.
The sling bullet hits the iguana but does no damage.
The iguana is lightly wounded.
The iguana closely misses you. The iguana bites you.
You shoot a sling bullet. The sling bullet hits the iguana.
The iguana is lightly wounded.
The iguana bites you but does no damage.
You shoot a sling bullet. The sling bullet hits the iguana.
The iguana is moderately wounded.
The iguana barely misses you.
You shoot a sling bullet. The sling bullet hits the iguana.
The iguana is severely wounded.
The iguana closely misses you. The iguana bites you.
You shoot a sling bullet.
The sling bullet closely misses the iguana.
The iguana bites you.
You shoot a sling bullet.
The sling bullet barely misses the iguana.
The iguana bites you. The iguana bites you!
You die...

#..#.# ###.... .
..... ##. #.<# ..#
#.<# #.#
####..#########.##
#................##
#.##..#####.......##
# #..# #.# #@l#.#
#..# #.###....#
#..#####......#.#
#.............# ..
#.######..##### .#
#.# ###..## # #.#
#.....# #.# #.#...#
#. #.#...#


You could see an iguana.

Vanquished Creatures
  An adder (D:3)
  A worm (D:2)
  3 dart slugs
  3 endoplasms (D:1)
  4 giant cockroaches (D:1)
  3 goblins
  3 hobgoblins
  2 quokkas
  4 ball pythons
  3 bats (D:1)
  A frilled lizard (D:1)
  2 kobolds
  7 rats
37 creatures vanquished.

Notes
Turn   | Place    | Note
-------+----------+-------------------------------------------
     0 | D:1      | qw the Gargoyle Hexslinger began the quest for the Orb.
     0 | D:1      | Reached XP level 1. HP: 12/12 MP: 2/2
     0 | D:1      | 0 ||| qw: Version: 0.3-a-51-g015441d
     0 | D:1      | 0 ||| qw: Game counter: 4244
     0 | D:1      | 0 ||| qw: Melee chars always use a shield: true
     0 | D:1      | 0 ||| qw: God list: Okawaru
     0 | D:1      | 0 ||| qw: Allow faded altars: false
     0 | D:1      | 0 ||| qw: Do Orc after clearing Dungeon:15 true
     0 | D:1      | 0 ||| qw: Do second Lair branch before Depths: true
     0 | D:1      | 0 ||| qw: Lair rune preference: random
     0 | D:1      | 0 ||| qw: Goals: Normal
     0 | D:1      | 0 ||| PLANNING D:1-11
   140 | D:1      | Found Foehuegy's Assorted Antiques.
   146 | D:1      | 146 ||| SHOPLISTING bubbling dark potion (18 gold, have
                  | 12).
   146 | D:1      | 146 ||| SHOPLISTING pair of gloves (90 gold, have 12).
   146 | D:1      | 146 ||| SHOPLISTING pink potion (18 gold, have 12).
   146 | D:1      | 146 ||| SHOPLISTING scroll labelled JAXETOVIHU (20 gold,
                  | have 12).
   174 | D:1      | Reached XP level 2. HP: 16/16 MP: 3/3
   278 | D:1      | Reached skill level 3 in Ranged Weapons
   376 | D:1      | Found Yxar Mui's Assorted Antiques.
   386 | D:1      | 386 ||| SHOPLISTING +2 cloak of the Thief {*Fog Slay-2 SInv
                  | Stlth+} (562 gold, have 12).
   386 | D:1      | 386 ||| SHOPLISTING green potion (25 gold, have 12).
   386 | D:1      | 386 ||| SHOPLISTING scroll labelled GEIRCH NUANG (28 gold,
                  | have 12).
   386 | D:1      | 386 ||| SHOPLISTING scroll labelled IKESTR ODUNISTA (28
                  | gold, have 12).
   386 | D:1      | 386 ||| SHOPLISTING scroll labelled ISHACIERIDD (28 gold,
                  | have 12).
   412 | D:1      | Found Fevviz's Weapon Shoppe.
   425 | D:1      | Found Fumukk's Jewellery Shop.
   430 | D:1      | 430 ||| SHOPLISTING +6 ring of strength (432 gold, have
                  | 12).
   430 | D:1      | 430 ||| SHOPLISTING amulet of the acrobat (360 gold, have
                  | 12).
   430 | D:1      | 430 ||| SHOPLISTING ring of positive energy (240 gold, have
                  | 12).
   430 | D:1      | 430 ||| SHOPLISTING ring of protection from fire (300 gold,
                  | have 12).
   430 | D:1      | 430 ||| SHOPLISTING ring of see invisible (180 gold, have
                  | 12).
   559 | D:1      | Reached XP level 3. HP: 21/21 MP: 4/4
   562 | D:1      | Found a faded altar of an unknown god.
   837 | D:1      | 837 ||| UPGRADING to +0 ring mail.
   847 | D:1      | 847 ||| DROPPING +0 robe.
   848 | D:1      | 848 ||| UPGRADING to +0 pair of boots.
   853 | D:1      | 853 ||| READING 3 scrolls labelled ISHACIERIDD.
   854 | D:1      | 854 ||| READING scroll labelled UCAPIFFOZIU.
   858 | D:1      | 858 ||| READING scroll labelled IKESTR ODUNISTA.
   859 | D:1      | 859 ||| READING 2 scrolls of identify.
   859 | D:1      | 859 ||| IDENTIFYING green potion
   860 | D:1      | 860 ||| DROPPING scroll of poison.
  1084 | D:2      | Reached skill level 1 in Armour
  1350 | D:2      | 1350 ||| UPGRADING to +0 pair of gloves.
  1355 | D:2      | 1355 ||| READING scroll labelled FOLYTI LI SOE.
  1356 | D:2      | 1356 ||| READING scroll labelled VUKLOU AWKO.
  1357 | D:2      | 1357 ||| READING 2 scrolls of identify.
  1357 | D:2      | 1357 ||| IDENTIFYING silvery potion
  1444 | D:3      | Slain by an iguana

Levels and vault maps discovered:
D:1:      dpeg_arrival_windows_large_door, layout_loops_corners, serial_shops,
          shop, shop, shop, nicolae_shop_gaudy_bauble,
          shapermc_ecumenical_altar_pompeii
D:2:      layout_rooms, minmay_pentomino_pile
D:3:      layout_loops_ring, mainiacjoe_overflow_24_doors,
          makhleb_altar_promises_db, grunt_temple_overflow_open

Skill      XL: |  1  2  3 |
---------------+----------+-----
Ranged Weapons | 3 |  3.5
Fighting       | 2 |  2.0
Armour         | 1 |  1.0
Dodging        | |  1.5
Spellcasting   | |  1.0
Hexes          | |  2.6

Action                     || total
---------------------------++-------
   Fire: Sling             ||   100
    Use: Scroll            ||     7
 Armour: Ring mail         ||    11
  Dodge: Dodged            ||    16

Table legend:
 A = Non-vault XP
 B = Vault XP
 C = Vault XP percentage of total XP
 D = Non-vault monster count
 E = Vault monster count
 F = Vault count percentage of total count
                 A         B        C        D         E       F
            +---------+---------+-------+---------+---------+-------
      Total |      75 |       5 |   6.2 |      34 |       3 |   8.1
            +---------+---------+-------+---------+---------+-------
        D:1 |      40 |       0 |   0.0 |      24 |       0 |   0.0
        D:2 |      18 |       5 |  21.7 |       8 |       3 |  27.3
        D:3 |      17 |       0 |   0.0 |       2 |       0 |   0.0
            +---------+---------+-------+---------+---------+-------
